 Dungeon Sprint DCSS version 0.17-a0-1-g1f4be75 (webtiles) character file.

4400000 Medar the Intangible (level 23, -5/262 HPs)
             Began as a Deep Dwarf Monk on Mar 13, 2015.
             Was the Champion of Makhleb.
             Slain by a sculptor of flesh
             ... wielding a +9 great sword
              (246 damage)
             ... in the Dungeon (Sprint VIII: "Arena of Blood").
             The game lasted 00:02:34 (44 turns).

Medar the Intangible (Deep Dwarf Monk)                Turns: 44, Time: 00:02:34

Health: -5/262     AC:  4    Str: 18    XL:     23   Next: 44%
Magic:  21/48      EV: 37    Int: 11    God:    Makhleb [******]
Gold:   0          SH:  0    Dex: 22    Spells: 0 memorised, 76 levels left

rFire  . . .     SeeInvis .     j - +∞ Axe of Woe
rCold  . . .     Clarity  .     a - +0 robe
rNeg   + . .     SustAb   .     (no shield)
rPois  .         Gourm    .     (no helmet)
rElec  .         Spirit   .     (no cloak)
rCorr  .         Warding  .     (no gloves)
rMut   .         NoTele   +     (no boots)
MR     +++..                    (no amulet)
Stlth  +++++++++.               (no ring)
                                (no ring)

@: non-regenerating, extremely resistant to hostile enchantments, incredibly
stealthy
A: damage resistance, recharge devices, negative energy resistance 1, sense
surroundings 3, slow healing 3
a: Device Recharging, Minor Destruction, Lesser Servant of Makhleb, Major
Destruction, Greater Servant of Makhleb, Renounce Religion


You were in the Dungeon.
You worshipped Makhleb.
Makhleb was exalted by your worship.
You were not hungry.

You visited 1 branch

Inventory:

Hand weapons
 j - the +∞ Axe of Woe (weapon)
   (You found it in the Dungeon)
Armour
 a - a +0 robe (worn)
Magical devices
 b - a wand of heal wounds (5)
Scrolls
 i - a scroll of blinking
Potions
 d - a potion of curing {@q1}
 e - a potion of heal wounds
 f - a potion of haste
 g - 2 potions of magic
 h - a potion of berserk rage {!q}
Comestibles
 c - a bread ration


   Skills:
 O Level 27 Fighting
 O Level 27 Axes
 O Level 27 Throwing
 O Level 27 Armour
 O Level 27 Dodging
 O Level 27 Stealth
 O Level 27 Unarmed Combat
 O Level 27 Spellcasting
 O Level 27 Invocations
 O Level 27 Evocations


You had 76 spell levels left.
You didn't know any spells.

Dungeon Overview and Level Annotations

Branches:
Dungeon (1/1)

Altars:
Makhleb


Innate Abilities, Weirdness & Mutations

You are resistant to damage.
You can recharge devices by infusing magical energy.
You resist negative energy.
You passively map a large area around you.
You do not heal naturally.


Message History

You butcher the bag of meat messily.
You kill the bag of meat!
Makhleb accepts your kill.
You feel a little better.
You are engulfed in roaring flames.
You hear a shout! x10
The bag of meat is engulfed in roaring flames.
You hear a shout!
The bag of meat is engulfed in roaring flames.
An ogre and a vampire knight come into view.
Unknown command.
A bag of meat comes into view. It is wielding a +9 war axe.
You hear a shout! x2
The destroyer blinks!
The bag of meat completely misses you.
The large bag of meat is engulfed in roaring flames.
You hear a shout!
The meat berserker is engulfed in roaring flames.
The bag of meat is engulfed in roaring flames.
The sculptor of flesh hits you with a +9 great sword!!!!!
Ouch! That really hurt!
You die...

* #...O......#_.<._#, *
,, ....#....)).#.....#..
*
,.......#..)))).._.....
,
*........§§§).)..###....
.........§§)###.......##
* ,
....VV.§§z§).#.......# *
,
........)o.)))#.......#
*, ,
...#zoO§§..§......... ,
#.#@#))........... , , ,
§#o#O............ , * ,*
, ,#C#.#.......... ,,
Vo#o#.....#.... ,, * ,
.o.O........... , , *
..##. .....##.*,, , , **
. **,...... , , * ,####
,,*,, , , , ,


You could see 3 destroyers, 2 sculptors of flesh, a large bag of meat (inner
flame), 3 meat berserkers and 5 bags of meat.

Vanquished Creatures
  2 hill giants (D)
  19 ogres (D)
  36 orcs (D)
  2 skeletal warriors (D)
  2 vampire knights (D)
  A crawling corpse (D)
62 creatures vanquished.

Vanquished Creatures (others)
  2 crawling corpses (D)
2 creatures vanquished.

Grand Total: 64 creatures vanquished

Notes
Turn   | Place    | Note
--------------------------------------------------------------
     0 | D        | Medar, the Deep Dwarf Monk, began the quest for the Orb.
     0 | D        | Reached XP level 1. HP: 20/20 MP: 1/1
     2 | D        | Noticed a bag of meat
     3 | D        | Became a worshipper of Makhleb the Destroyer
     3 | D        | Acquired Makhleb's first power
     3 | D        | Acquired Makhleb's second power
     4 | D        | Noticed a bag of meat
     6 | D        | Noticed a meat berserker
     7 | D        | Noticed a meat berserker
     7 | D        | Noticed a bag of meat
     8 | D        | Noticed a bag of meat
     9 | D        | Killed a meat berserker
     9 | D        | Reached skill level 13 in Fighting
     9 | D        | Reached skill level 15 in Axes
     9 | D        | Reached skill level 15 in Armour
     9 | D        | Reached skill level 15 in Dodging
     9 | D        | Reached XP level 2. HP: 24/48 MP: 2/2
     9 | D        | Reached XP level 3. HP: 27/55 MP: 3/3
     9 | D        | Reached XP level 4. HP: 30/63 MP: 4/4
     9 | D        | Reached XP level 5. HP: 33/70 MP: 5/5
     9 | D        | Reached XP level 6. HP: 37/79 MP: 6/6
     9 | D        | Reached XP level 7. HP: 40/86 MP: 7/7
     9 | D        | Reached XP level 8. HP: 43/94 MP: 8/8
     9 | D        | Gained mutation: You passively map the area around you. [level up]
     9 | D        | Reached XP level 9. HP: 46/102 MP: 9/9
     9 | D        | Reached XP level 10. HP: 49/110 MP: 10/10
     9 | D        | Reached XP level 11. HP: 52/117 MP: 11/11
    10 | D        | Noticed a bag of meat
    10 | D        | Noticed a bag of meat
    10 | D        | Noticed a meat berserker
    10 | D        | Noticed a meat berserker
    10 | D        | Killed a bag of meat
    10 | D        | Reached skill level 15 in Fighting
    10 | D        | Reached skill level 17 in Axes
    10 | D        | Reached XP level 12. HP: 55/130 MP: 12/12
    10 | D        | Killed a bag of meat
    10 | D        | Acquired Makhleb's third power
    10 | D        | Reached skill level 18 in Axes
    10 | D        | Reached XP level 13. HP: 58/141 MP: 13/13
    10 | D        | Killed a bag of meat
    10 | D        | Reached skill level 19 in Axes
    11 | D        | Noticed a meat berserker
    11 | D        | Noticed a bag of meat
    11 | D        | Killed a meat berserker
    11 | D        | Acquired Makhleb's fourth power
    11 | D        | Reached skill level 20 in Axes
    11 | D        | Gained mutation: You resist negative energy. [level up]
    11 | D        | Reached XP level 14. HP: 152/156 MP: 14/14
    12 | D        | Noticed a bag of meat
    12 | D        | Noticed a bag of meat
    12 | D        | Noticed a meat berserker
    12 | D        | Killed a meat berserker
    12 | D        | Reached skill level 21 in Axes
    12 | D        | Killed a bag of meat
    12 | D        | Reached skill level 22 in Axes
    12 | D        | Reached XP level 15. HP: 163/166 MP: 15/15
    13 | D        | Noticed a bag of meat
    13 | D        | Noticed a bag of meat
    13 | D        | Noticed a bag of meat
    13 | D        | Noticed a meat berserker
    13 | D        | Noticed a bag of meat
    14 | D        | Noticed a bag of meat
    14 | D        | Killed a meat berserker
    14 | D        | Reached skill level 23 in Dodging
    15 | D        | Noticed a bag of meat
    15 | D        | Noticed a bag of meat
    15 | D        | Noticed a bag of meat
    15 | D        | Killed a bag of meat
    15 | D        | Acquired Makhleb's fifth power
    15 | D        | Killed a meat berserker
    15 | D        | Reached skill level 24 in Axes
    16 | D        | Noticed a meat berserker
    16 | D        | Noticed a meat berserker
    16 | D        | Noticed a bag of meat
    16 | D        | Killed a meat berserker
    16 | D        | Reached skill level 25 in Dodging
    16 | D        | Reached XP level 16. HP: 179/183 MP: 16/16
    17 | D        | Noticed a bag of meat
    17 | D        | Noticed a bag of meat
    17 | D        | Killed a meat berserker
    17 | D        | Killed a bag of meat
    17 | D        | Reached skill level 26 in Axes
    17 | D        | Killed a bag of meat
    18 | D        | Killed a bag of meat
    18 | D        | Reached skill level 27 in Axes
    18 | D        | Reached skill level 27 in Armour
    18 | D        | Reached skill level 27 in Dodging
    18 | D        | Reached XP level 17. HP: 195/198 MP: 16/29
    19 | D        | Noticed a bag of meat
    19 | D        | Noticed a meat berserker
    19 | D        | Killed a bag of meat
    19 | D        | Noticed a bag of meat
    20 | D        | Noticed a bag of meat
    20 | D        | Noticed a bag of meat
    20 | D        | Noticed a bag of meat
    20 | D        | Killed a meat berserker
    20 | D        | Killed a bag of meat
    20 | D        | Killed a bag of meat
    20 | D        | Reached skill level 27 in Fighting
    21 | D        | Noticed a meat berserker
    21 | D        | Noticed a meat berserker
    21 | D        | Killed a meat berserker
    21 | D        | Reached skill level 27 in Invocations
    21 | D        | Gained mutation: You passively map a large area around you. [level up]
    21 | D        | Reached XP level 18. HP: 218/218 MP: 16/40
    21 | D        | Killed a meat berserker
    21 | D        | Reached skill level 5 in Throwing
    22 | D        | Noticed a large bag of meat
    23 | D        | Noticed a meat berserker
    23 | D        | Noticed a meat berserker
    23 | D        | Noticed a bag of meat
    23 | D        | Noticed a bag of meat
    23 | D        | Noticed a bag of meat
    23 | D        | Noticed a bag of meat
    24 | D        | Killed a bag of meat
    24 | D        | Killed a bag of meat
    24 | D        | Reached skill level 10 in Unarmed Combat
    25 | D        | Noticed a meat berserker
    25 | D        | Noticed a meat berserker
    26 | D        | Killed a bag of meat
    26 | D        | Reached skill level 10 in Throwing
    26 | D        | Reached skill level 15 in Stealth
    26 | D        | Reached skill level 10 in Spellcasting
    26 | D        | Reached skill level 15 in Evocations
    26 | D        | Killed a bag of meat
    26 | D        | Killed a bag of meat
    26 | D        | Reached XP level 19. HP: 226/226 MP: 17/41
    27 | D        | Killed a meat berserker
    27 | D        | Killed a meat berserker
    27 | D        | Reached skill level 15 in Unarmed Combat
    27 | D        | Killed a bag of meat
    27 | D        | Reached skill level 15 in Throwing
    27 | D        | Killed a bag of meat
    27 | D        | Reached skill level 15 in Spellcasting
    28 | D        | Killed a meat berserker
    28 | D        | Killed a bag of meat
    28 | D        | Reached XP level 20. HP: 236/236 MP: 18/41
    29 | D        | Noticed a bag of meat
    30 | D        | Noticed a meat berserker
    30 | D        | Killed a meat berserker
    30 | D        | Killed a bag of meat
    30 | D        | Killed a bag of meat
    30 | D        | Reached skill level 27 in Evocations
    31 | D        | Noticed a bag of meat
    31 | D        | Noticed a bag of meat
    31 | D        | Killed a meat berserker
    31 | D        | Killed a bag of meat
    31 | D        | Reached skill level 27 in Stealth
    32 | D        | Noticed a destroyer
    32 | D        | Noticed a bag of meat
    32 | D        | Noticed a bag of meat
    32 | D        | Noticed a bag of meat
    32 | D        | Noticed a large bag of meat
    32 | D        | Killed a meat berserker
    32 | D        | Killed a bag of meat
    32 | D        | Reached XP level 21. HP: 244/244 MP: 18/44
    32 | D        | Killed a bag of meat
    33 | D        | Noticed a sculptor of flesh
    33 | D        | Noticed a bag of meat
    33 | D        | Noticed a destroyer
    33 | D        | Noticed a bag of meat
    33 | D        | Killed a large bag of meat
    34 | D        | Noticed a destroyer
    34 | D        | Noticed a large bag of meat
    34 | D        | Noticed a bag of meat
    35 | D        | Noticed a meat berserker
    35 | D        | Noticed a sculptor of flesh
    35 | D        | Killed a sculptor of flesh
    35 | D        | Killed a bag of meat
    36 | D        | Noticed a bag of meat
    37 | D        | Noticed a sculptor of flesh
    37 | D        | Noticed a meat berserker
    37 | D        | Killed a destroyer
    37 | D        | Killed a bag of meat
    37 | D        | Killed a bag of meat
    38 | D        | Killed a meat berserker
    38 | D        | Killed a bag of meat
    38 | D        | Reached skill level 27 in Throwing
    38 | D        | Reached skill level 27 in Unarmed Combat
    38 | D        | Reached XP level 22. HP: 254/254 MP: 20/47
    38 | D        | Killed a bag of meat
    38 | D        | Reached skill level 27 in Spellcasting
    38 | D        | Killed a sculptor of flesh
    39 | D        | Noticed a meat berserker
    39 | D        | Noticed a meat berserker
    39 | D        | Killed a bag of meat
    39 | D        | Killed a bag of meat
    40 | D        | Noticed a destroyer
    40 | D        | Killed a destroyer
    40 | D        | Killed a bag of meat
    40 | D        | Killed a bag of meat
    41 | D        | Noticed a bag of meat
    41 | D        | Noticed a large bag of meat
    41 | D        | Noticed a sculptor of flesh
    42 | D        | Killed a meat berserker
    42 | D        | Killed a bag of meat
    42 | D        | Reached XP level 23. HP: 208/262 MP: 21/48
    42 | D        | Killed a meat berserker
    42 | D        | Killed a bag of meat
    43 | D        | Noticed a bag of meat
    43 | D        | Killed a large bag of meat
    43 | D        | Killed a bag of meat
    44 | D        | Noticed a destroyer
    44 | D        | Noticed a meat berserker
    44 | D        | Noticed a bag of meat
    44 | D        | Slain by a sculptor of flesh

Action                   |  1- 3 |  4- 6 |  7- 9 | 10-12 | 13-15 | 16-18 | 19-21 | 22-24 || total
-------------------------+-------+-------+-------+-------+-------+-------+-------+-------++-------
Melee: Executioner's axe |     1 |       |       |     1 |     5 |     7 |     9 |     4 ||    27
